 Dungeon Crawl Stone Soup version 0.30-a0-42-g806c11bf1d (webtiles) character file.

Game seed: 3910933576889325073

265 Destapler the Shield-Bearer (level 5, 0/53 HPs)
             Began as a Troll Fighter on Aug 30, 2022.
             Was an Initiate of Gozag.
             Slain by a howler monkey (6 damage)
             ... on level 7 of the Dungeon.
             The game lasted 00:04:35 (1802 turns).

Destapler the Shield-Bearer (Troll Fighter)         Turns: 1802, Time: 00:04:36

Health: 0/53       AC:  4    Str: 24    XL:     5   Next: 99%
Magic:  4/4        EV:  9    Int:  4    God:    Gozag
Gold:   187        SH:  8    Dex: 11    Spells: 4/4 levels left

rFire   . . .      SeeInvis .    a - +0 flail
rCold   . . .      Faith    .    c - +0 kite shield
rNeg    . . .      Spirit   .    b - +0 robe
rPois   .          Reflect  .    (helmet restricted)
rElec   .          Harm     .    (no cloak)
rCorr   .          Rampage  .    (gloves unavailable)
Will    .....                    (boots unavailable)
Stlth   +.........               (no amulet)
HPRegen 0.97/turn                (no ring)
MPRegen 0.09/turn                (no ring)

@: mighty
A: large, unfitting armour, claws 3, regeneration 1, shaggy fur 1, tough skin 1
a: Renounce Religion, Potion Petition, Call Merchant, Bribe Branch


You were on level 7 of the Dungeon.
You worshipped Gozag.
Gozag was aware of your devotion.
You visited 1 branch of the dungeon, and saw 5 of its levels.

You collected 187 gold pieces.

Inventory:

Hand Weapons
 a - a +0 flail (weapon)
Missiles
 i - 5 javelins (quivered)
Armour
 b - a +0 robe (worn)
 c - a +0 kite shield (worn)
Scrolls
 g - a scroll of identify {unknown}
 h - a scroll of noise {unknown}
 j - 2 scrolls of enchant weapon {unknown}
 k - a scroll of teleportation {unknown}
 m - a scroll of acquirement {unknown}
Potions
 f - 3 potions of heal wounds {unknown}
 l - a potion of resistance {unknown}


   Skills:
 + Level 3.4 Fighting
 + Level 3.2 Maces & Flails
 + Level 3.4 Dodging
 + Level 3.8 Shields


You had 4 spell levels left.
You didn't know any spells.
Your spell library contained the following spells:

 Spells                   Type           Power      Damage    Failure   Level
 Inner Flame              Hex/Fire       0%         N/A       99%         3
 Lesser Beckoning         Tloc           0%         N/A       99%         3
 Blade Hands              Tmut           0%         N/A       100%        5
 Irradiate                Conj/Tmut      0%         3d11      100%        5
 Yara's Violent Unravell  Hex/Tmut       0%         3d3       100%        5
 Dragon Form              Tmut           0%         N/A       100%        7
 Disjunction              Tloc           0%         N/A       100%        8


Dungeon Overview and Level Annotations

Branches:
Dungeon (7/15)
 Temple: D:4-7

Altars:
Gozag


Innate Abilities, Weirdness & Mutations

You are too large for most types of armour.
You have claws for hands.
Your natural rate of healing is unusually fast.
You are covered in fur. (AC +1)
You have tough skin. (AC +1)


Message History

A puff of flame appears from out of thin air!
The puff of flame hits you!
The howler monkey completely misses you.
The howler monkey hits you.
It was a potion of curing.
You feel better.
You hear some strange, mumbled words.
Something tries to affect you, but you resist.
You block the howler monkey's attack.
The howler monkey hoots and howls with incredible vigour!
You miss something. Something hits you but does no damage.
The howler monkey barely misses you. The howler monkey hits you.
Something hits you but does no damage. The howler monkey barely misses you.
You miss something. You block the howler monkey's attack.
The howler monkey completely misses you.
You hear some strange, mumbled words.
A puff of flame appears from out of thin air!
The puff of flame hits you! The howler monkey misses you.
You miss something. The howler monkey hits you!
* * * LOW HITPOINT WARNING * * *
Something hits you.
* * * LOW HITPOINT WARNING * * *
You block the howler monkey's attack. x2
You miss something. The howler monkey hits you.
* * * LOW HITPOINT WARNING * * *
Something hits you.
* * * LOW HITPOINT WARNING * * *
The howler monkey hoots and howls with incredible vigour!
The howler monkey closely misses you. Something hits you.
* * * LOW HITPOINT WARNING * * *
The howler monkey hits you.
* * * LOW HITPOINT WARNING * * *
You miss something.
The howler monkey hoots and howls with incredible vigour! x2
You hear some strange, mumbled words.
A puff of flame appears from out of thin air!
The puff of flame hits you.
* * * LOW HITPOINT WARNING * * *
The howler monkey hits you.
You die...
Your body crumbles into a pile of gold.

#.....#.........
#.....$$$.......$
#.....#..........
#.....#..........
#.....#..........
#.....#$[...>....
#.....#oY........
#.....#hhF...).!.
#.....#@{o.......
###########


You could see an ice beast, a bullfrog, 2 howler monkeys and 2 orcs.

Vanquished Creatures
  A centaur (D:7)
  A hound (D:7)
  An orc priest (D:7)
  6 adders
  A worm (D:2)
  A dart slug (D:1)
  6 orcs
  3 bats
  5 endoplasms
  A giant cockroach (D:1)
  4 goblins
  2 hobgoblins
  10 jackals
  5 kobolds
  3 quokkas
  6 ball pythons
  2 frilled lizards
  5 rats
63 creatures vanquished.

Vanquished Creatures (others)
  2 plants (D:3)
2 creatures vanquished.

Grand Total: 65 creatures vanquished

Notes
Turn   | Place    | Note
-------+----------+-------------------------------------------
     0 | D:1      | Destapler the Troll Fighter began the quest for the Orb.
     0 | D:1      | Reached XP level 1. HP: 22/22 MP: 0/0
   124 | D:1      | Got the Essays on Imprecation and Dislocation
   271 | D:1      | Reached XP level 2. HP: 29/29 MP: 1/1
   759 | D:1      | Reached XP level 3. HP: 36/36 MP: 2/2
   999 | D:2      | Reached XP level 4. HP: 44/44 MP: 3/3
  1529 | D:1      | Prayed at the altar of an unknown god.
  1529 | D:1      | Became a worshipper of Gozag Ym Sagoz the Greedy
  1754 | D:4      | You fall into a shaft and drop 3 floors!
  1764 | D:7      | Reached XP level 5. HP: 51/53 MP: 4/4
  1764 | D:7      | Noticed a centaur
  1770 | D:7      | Killed a centaur
  1788 | D:7      | Noticed an ice beast
  1802 | D:7      | Slain by a howler monkey

Illustrated notes

Levels and vault maps discovered:
D:1:      spicycebolla_arrival_ecumenical, layout_loops_corners,
          minmay_hexomino_p4
D:2:      layout_loops_ring, st_stairs_9
D:3:      cheibrodos_thug_alley, layout_loops_cross, xom_redecorated,
          nicolae_tso_besieged_by_evil, kennysheep_nub,
          minmay_shallow_snake_nest
D:4:      layout_basic, grunt_gozag_statues
D:7:      layout_basic, minmay_temple_entry_mini_moons, hex_intersection,
          nicolae_concentric_dashed_squares_wild

Skill      XL: |  1  2  3  4  5 |
---------------+----------------+-----
Maces & Flails | 2 3 |  3.2
Shields        | 3 |  3.8
Fighting       | 3 |  3.4
Dodging        | 3 |  3.4

Action                   |  1- 3 |  4- 6 || total
-------------------------+-------+-------++-------
Melee: Flail             |   100 |   108 ||   208
  Use: Potion            |       |     2 ||     2
Armor: Robe              |    49 |    33 ||    82
Dodge: Dodged            |    53 |    62 ||   115
Block: Kite shield       |    56 |    51 ||   107

Table legend: (Time is in decaauts)
 A = Elapsed time spent in this place.
 B = Non-inter-level travel time spent in this place.
 C = Inter-level travel time spent in this place.
 D = Time resting spent in this place.
 E = Time spent auto-exploring this place.
 F = Levels seen in this place.
 G = Mean time per level.
                   A        B        C        D        E       F      G
               +--------+--------+--------+--------+--------+-----+--------+
         Total |   1889 |   1723 |    166 |      0 |   1246 |   5 |  377.8 |
       Dungeon |   1889 |   1723 |    166 |      0 |   1246 |   5 |  377.8 |
               +--------+--------+--------+--------+--------+-----+--------+

Top non-repeatable levels by time:
     D:1: 907 daAuts
     D:2: 705 daAuts
     D:3: 213 daAuts
     D:7: 58 daAuts
     D:4: 4 daAuts
